 Dungeon Crawl Stone Soup version 0.29.1-1-gd02db6906a (webtiles) character file.

Game seed: 4682127907360599607

197 Aibolit the Trooper (level 5, 0/47 HPs)
             Began as a Hill Orc Fighter on Oct 7, 2022.
             Slain by an orc
             ... wielding a +0 falchion
              (5 damage)
             ... on level 3 of the Dungeon.
             The game lasted 00:04:13 (3692 turns).

Aibolit the Trooper (Hill Orc Fighter)              Turns: 3692, Time: 00:04:13

Health: 0/47       AC: 12    Str: 21    XL:     5   Next: 75%
Magic:  5/5        EV:  7    Int:  8    God:
Gold:   192        SH:  4    Dex: 10    Spells: 4/4 levels left

rFire   + + .      SeeInvis .   a - +0 war axe
rCold   x . .      Faith    .   c - +0 buckler
rNeg    . . .      Spirit   .   r - +0 chain mail
rPois   .          Reflect  .   (no helmet)
rElec   .          Harm     .   s - +0 cloak
rCorr   .          Rampage  .   f - +0 pair of gloves
Will    .....                   (no boots)
Stlth   ..........              (no amulet)
HPRegen 0.15/turn               l - ring of fire
MPRegen 0.09/turn               q - ring of protection from fire

@: no status effects
A: no striking features
a: Convert to Beogh


You were on level 3 of the Dungeon.
You visited 1 branch of the dungeon, and saw 3 of its levels.

You collected 192 gold pieces.

Inventory:

Hand Weapons
 a - a +0 war axe (weapon)
Armour
 c - a +0 buckler (worn)
 f - a +0 pair of gloves (worn)
 r - a +0 chain mail (worn)
 s - a +0 cloak (worn)
Jewellery
 l - a ring of fire (left hand)
 q - a ring of protection from fire (right hand)
Scrolls
 h - a scroll of magic mapping {unknown}
 i - a scroll of noise {unknown}
 k - a scroll of poison {unknown}
 m - a scroll of teleportation {unknown}
 o - a scroll of brand weapon {unknown}
 t - 2 scrolls of fear {unknown}
 u - a scroll of enchant weapon {unknown}
Potions
 b - a potion of brilliance {unknown}
 d - a potion of might
 e - a potion of lignification {unknown}
 g - 2 potions of curing {unknown}
 j - a potion of heal wounds {unknown}
 n - a potion of mutation {unknown}
 p - a potion of attraction {unknown}
 v - a potion of berserk rage {unknown}


   Skills:
 + Level 4.8 Fighting
 + Level 4.4 Axes
 + Level 4.4 Armour
 + Level 4.4 Shields


You had 4 spell levels left.
You didn't know any spells.
Your spell library contained the following spells:

 Spells                   Type           Power      Damage    Failure   Level
 Ensorcelled Hibernation  Hex/Ice        0%         N/A       100%        2
 Passwall                 Tmut/Erth      0%         N/A       100%        2
 Swiftness                Air            0%         N/A       100%        3


Dungeon Overview and Level Annotations

Branches:
Dungeon (3/15)

Altars:

Annotations:
D:3 1 runed translucent door, Crazy Yiuf


Message History

Beogh smites you!
You hear a shout!
The orc priest mumbles some strange prayers to Beogh against you.
Pain shoots through your body!
The orc priest invokes the aid of Beogh against you.
Pain shoots through your body!
An orc wizard comes into view. It is wielding a +0 dagger.
You hit the orc priest.
The orc priest is lightly wounded.
The orc priest hits you but does no damage.
An orc comes into view. It is wielding a +0 falchion.
The orc wizard casts a spell.
The orc wizard flickers and vanishes!
Deactivating autopickup; reactivate with Ctrl-A.
You closely miss the orc priest.
The orc priest is lightly wounded.
The orc shouts!
The orc priest hits you but does no damage.
The orc priest mumbles some strange prayers to Beogh against you.
Pain shoots through your body!
You closely miss the orc priest.
The orc priest is lightly wounded.
You block the orc priest's attack.
You slash the orc priest!
The orc priest is severely wounded.
The orc priest hits you with a +0 dagger.
The orc priest shouts, "Beogh is our master!
Accept the truth or die!"
You hit the orc priest.
The orc priest is almost dead.
The orc priest calls down the wrath of Beogh upon you.
Beogh smites you!
* * * LOW HITPOINT WARNING * * *
The orc attacks as you move away! The orc barely misses you.
The orc priest looks satisfied for a moment.
The orc attacks as you move away! The orc completely misses you.
The orc attacks as you move away! The orc hits you but does no damage.
The orc attacks as you move away! The orc hits you but does no damage.
The orc attacks as you move away! The orc hits you but does no damage.
The orc attacks as you move away! The orc hits you with a +0 falchion.
You die...

.# #.#######.#####.# .#
#......##.# #.# .# ######.#..#
#.###### .# #.#..# #......## .#
#.#..#####.#)..... .#
#.#........#.##.##
.###############.#.######.#.##.##
.................#.# #.#.##...
###############.@#.######.#.#####
#######..o..........#.#####
.........).#.##.......†...#
######.#.##.##[....#.###.#
#o#.............# #.#
#.####..........# #.. #o#
####.####..# #.# #{# #.# #..# #.#
#.# #.# #..# #.#


You could see an orc priest and an orc.

Vanquished Creatures
  Natasha (thrice) (D:3)
  2 adders
  3 gnolls (D:3)
  A worm (D:3)
  3 orcs (D:3)
  A ball python (D:1)
  9 endoplasms
  4 giant cockroaches
  7 goblins
  11 hobgoblins
  2 jackals (D:2)
  3 quokkas
  3 bats
  A frilled lizard (D:3)
  6 kobolds
  5 rats
64 creatures vanquished.

Vanquished Creatures (others)
  A withered plant (D:3)
1 creature vanquished.

Grand Total: 65 creatures vanquished

Notes
Turn   | Place    | Note
-------+----------+-------------------------------------------
     0 | D:1      | Aibolit the Hill Orc Fighter began the quest for the Orb.
     0 | D:1      | Reached XP level 1. HP: 19/19 MP: 1/1
     2 | D:1      | Noticed an ogre
     2 | D:1      | Noticed a formicid
     4 | D:1      | Noticed an elf
     6 | D:1      | Noticed a felid
     6 | D:1      | Noticed a naga
     8 | D:1      | Noticed an octopode
     8 | D:1      | Noticed a demonspawn
    10 | D:1      | Noticed a meteoran
    10 | D:1      | Noticed a spriggan
    12 | D:1      | Noticed a vine stalker
    12 | D:1      | Noticed a demigod
    14 | D:1      | Noticed a troll
    14 | D:1      | Noticed a draconian
    16 | D:1      | Noticed a palentonga
    18 | D:1      | Noticed a human
    18 | D:1      | Noticed a tengu
    20 | D:1      | Noticed a vampire
    20 | D:1      | Noticed a merfolk
    22 | D:1      | Noticed a gargoyle
    22 | D:1      | Noticed a ghoul
    24 | D:1      | Noticed a demigod
    24 | D:1      | Noticed a minotaur
    26 | D:1      | Noticed a demigod
    26 | D:1      | Noticed a meteoran
   359 | D:1      | Reached XP level 2. HP: 21/27 MP: 2/2
   876 | D:1      | Reached XP level 3. HP: 26/33 MP: 3/3
  1782 | D:2      | Reached XP level 4. HP: 33/40 MP: 4/4
  2790 | D:3      | Noticed Natasha
  2796 | D:3      | Killed Natasha
  2797 | D:3      | Reached XP level 5. HP: 46/47 MP: 5/5
  3042 | D:3      | Found a runed translucent door.
  3043 | D:3      | Noticed Crazy Yiuf
  3056 | D:3      | Found a faded altar of an unknown god.
  3343 | D:3      | Noticed Natasha
  3353 | D:3      | Killed Natasha
  3581 | D:3      | Noticed Natasha
  3585 | D:3      | Killed Natasha
  3692 | D:3      | Slain by an orc

Illustrated notes

Levels and vault maps discovered:
D:1:      kb_arrival_jail, layout_loops_ring, minmay_heptomino_d4
D:2:      layout_basic, minmay_bisected
D:3:      layout_loops_ring, ebering_ecumenical_altar_petrified,
          uniq_crazy_yiuf_cottage, uniq_natasha

Skill      XL: |  1  2  3  4 |
---------------+-------------+-----
Axes           | 3 4 |  4.4
Fighting       | 4 |  4.8
Shields        | 4 |  4.4
Armour         | 4 |  4.4

Action                   |  1- 3 |  4- 6 || total
-------------------------+-------+-------++-------
Melee: War axe           |   127 |    83 ||   210
Armor: Scale mail        |    78 |    18 ||    96
       Chain mail        |       |    27 ||    27
Dodge: Dodged            |    70 |    45 ||   115
Block: Buckler           |    28 |    13 ||    41
